 Dungeon Crawl Stone Soup version 0.27.1 (webtiles) character file.

Game seed: 9978357395390006178

662 Gwenloh the Sneak (level 7, -2/48 HPs)
             Began as an Octopode Monk on Aug 23, 2021.
             Slain by a bullfrog zombie (5 damage)
             ... in an ossuary.
             The game lasted 00:15:52 (4961 turns).

Gwenloh the Sneak (Octopode Monk)                   Turns: 4961, Time: 00:15:53

Health: -2/48      AC:  1    Str: 10    XL:     7   Next: 56%
Magic:  7/7        EV: 15    Int: 13    God:
Gold:   145        SH:  5    Dex: 16    Spells: 6/6 levels left

rFire    . . .     SeeInvis .     - Unarmed
rCold    . . .     Faith    .   (no shield)
rNeg     . . .     Spirit   .   (helmet restricted)
rPois    .         Reflect  +   n - amulet of reflection
rElec    .         Harm     .   (no ring)
rCorr    .         Rampage  .   (no ring)
Will     .....                  (no ring)
Stlth    ++++......             (no ring)
HPRegen  0.16/turn              (no ring)
MPRegen  0.10/turn              (no ring)
                                (no ring)
                                (no ring)

@: slowed, very slow
A: almost no armour, amphibious, 8 rings, camouflage 1, gelatinous body 1,
(nimble swimmer 1), tentacles
a: no special abilities


You were in an ossuary.
You visited 1 branch of the dungeon, and saw 5 of its levels.
You also visited: Ossuary.

You collected 145 gold pieces.

Inventory:

Missiles
 b - 148 stones
 m - 3 javelins (quivered)
Armour
 i - a +0 kite shield
Jewellery
 n - an amulet of reflection (around mantle)
Wands
 p - a wand of iceblast (7)
Scrolls
 a - 2 scrolls of teleportation
 e - 2 scrolls of fear
 f - 2 scrolls of enchant weapon
 j - a scroll of enchant armour
 o - a scroll of vulnerability
Potions
 c - 2 potions of mutation {unknown}
 d - 2 potions of haste {unknown}
 h - a potion of ambrosia {unknown}
 k - a potion of invisibility {unknown}
 l - a potion of degeneration {unknown}


   Skills:
 + Level 4.3 Fighting
 * Level 5.2 Dodging
 * Level 6.6 Stealth
 * Level 5.1 Unarmed Combat


You had 6 spell levels left.
You didn't know any spells.
Your spell library contained the following spells:

 Spells                   Type           Power      Damage    Failure   Level
 Foxfire                  Conj/Fire      0%         2x1d4     30%         1
 Conjure Flame            Conj/Fire      0%         6-21      67%         3
 Inner Flame              Hex/Fire       0%         N/A       67%         3
 Conjure Ball Lightning   Conj/Air       0%         3x3d6     100%        6
 Discord                  Hex            0%         N/A       100%        8
 Disjunction              Tloc           0%         N/A       100%        8


Dungeon Overview and Level Annotations

Branches:
Dungeon (5/15)            Ossuary (1/1)
 Temple: D:4-7

Altars:

Shops:
D:4 :   D:5 [

Annotations:
D:4 Dowan, Duvessa


Innate Abilities, Weirdness & Mutations

You cannot wear most types of armour.
You are amphibious.
You can wear up to eight rings at the same time.
Your skin changes colour to match your surroundings (Stealth+).
Your rubbery body absorbs attacks. (AC +1, EV +1)
((You are camouflaged near water. (Stealth+)))
You have tentacles for arms and can constrict up to eight enemies at once.


Message History

You constrict the bullfrog zombie. You block the bullfrog zombie's attack.
You tentacle-slap the bullfrog zombie. You squeeze the bullfrog zombie!
The bullfrog zombie is heavily damaged.
You constrict the bullfrog zombie. The bullfrog zombie misses you.
The bullfrog zombie barely misses you.
You tentacle-slap the bullfrog zombie but do no damage.
The bullfrog zombie is heavily damaged.
You constrict the bullfrog zombie. You block the bullfrog zombie's attack.
You tentacle-slap the bullfrog zombie. You squeeze the bullfrog zombie.
You destroy the bullfrog zombie!
The bog mummy gestures at you while chanting.
You feel yourself slow down. The mummy hits you!
There is an open door here.
Throw: 4 javelins
Press: ? - help, Q - select action, (/) - cycle Shift-Dir - straight line, f/p - bog mummy
Aim: a bog mummy (moderately damaged, 76% to hit)
You throw a javelin. The javelin pierces through the mummy.
The mummy is moderately damaged.
The javelin pierces through the bog mummy.
The bog mummy is heavily damaged.
The bog mummy points at you and mumbles some strange words.
The puff of frost hits you! You block the mummy's attack.
The bog mummy gestures at you while chanting.
You resist with some effort.
There is an open door here.
A bullfrog zombie comes into view.
The bog mummy misses you.
You tentacle-slap the mummy. You grab the mummy.
The mummy is heavily damaged.
You constrict the mummy, but do no damage.
The mummy barely misses you. The bog mummy hits you!
* * * LOW HITPOINT WARNING * * *
You release your grip on the mummy.
Found a cyan potion.
There is an open door here.
The bullfrog zombie barely misses you.
You bludgeon the bullfrog zombie! You grab the bullfrog zombie.
The bullfrog zombie is moderately damaged.
You constrict the bullfrog zombie. The bullfrog zombie hits you.
You die...

####### #.#.#@#
###+#'#(#Z#'#'#'
#.'...(MM....(..≈
###.##'##'##'##≈≈
.' #...#.# !# ##
#.∩.### # #..∩#
#####


You could see a bog mummy and a bullfrog zombie.

Vanquished Creatures
  An ogre (D:5)
  A water moccasin zombie (Ossuary)
  3 centaur zombies (Ossuary)
  3 bullfrog zombies (Ossuary)
  An orc priest (D:3)
  Jessica (D:3)
  An iguana (D:5)
  An orc wizard (D:4)
  A killer bee zombie (Ossuary)
  4 mummies (Ossuary)
  4 gnolls
  5 adders
  A worm (D:2)
  A dart slug (D:3)
  10 orcs
  4 endoplasms
  2 giant cockroaches
  3 goblins
  2 hobgoblins
  4 jackals (D:4)
  5 kobolds
  2 quokkas
  2 ball pythons (D:2)
  3 bats
  A frilled lizard (D:2)
  2 rats (D:1)
68 creatures vanquished.

Vanquished Creatures (others)
  12 plants (D:4)
  5 withered plants (Ossuary)
17 creatures vanquished.

Grand Total: 85 creatures vanquished

Notes
Turn   | Place    | Note
-------+----------+-------------------------------------------
     0 | D:1      | Gwenloh the Octopode Monk began the quest for the Orb.
     0 | D:1      | Reached XP level 1. HP: 16/16 MP: 1/1
   607 | D:1      | Found a faded altar of an unknown god.
   891 | D:1      | Reached skill level 3 in Stealth
   891 | D:1      | Reached XP level 2. HP: 21/21 MP: 2/2
  1232 | D:2      | Reached XP level 3. HP: 26/26 MP: 3/3
  1775 | D:3      | Reached skill level 4 in Stealth
  1775 | D:3      | Reached XP level 4. HP: 24/31 MP: 4/4
  2114 | D:3      | Noticed Jessica
  2281 | D:3      | Killed Jessica
  2282 | D:3      | Reached XP level 5. HP: 36/36 MP: 5/5
  3217 | D:4      | Found Qumyisi's Book Shop.
  3376 | D:4      | Reached skill level 5 in Stealth
  3399 | D:4      | Noticed Duvessa
  3405 | D:4      | Noticed Dowan
  3408 | D:4      | HP: 1/36 [Duvessa (6)]
  3852 | D:4      | Reached XP level 6. HP: 34/43 MP: 6/6
  4104 | D:5      | Entered Level 5 of the Dungeon
  4114 | D:5      | Found Wemmirph's Armour Emporium.
  4168 | D:5      | Found a sand-covered staircase.
  4461 | Ossuary  | Entered an ossuary
  4562 | Ossuary  | Reached skill level 6 in Stealth
  4562 | Ossuary  | Reached XP level 7. HP: 29/48 MP: 7/7
  4823 | Ossuary  | Reached skill level 5 in Dodging
  4828 | Ossuary  | Reached skill level 5 in Unarmed Combat
  4958 | Ossuary  | HP: 2/48 [bog mummy (14)]
  4961 | Ossuary  | Slain by a bullfrog zombie

Illustrated notes

Levels and vault maps discovered:
D:1:      dpeg_arrival_boxorama, layout_loops_ring,
          shapermc_ecumenical_altar_starsandcircs
D:2:      layout_rooms
D:3:      layout_rooms, uniq_jessica
D:4:      cheibrodos_old_hovel, layout_basic, serial_shops, kennysheep_mini,
          uniq_duvessa
D:5:      layout_basic, serial_shops, nicolae_take_the_stairs,
          nicolae_ossuary_entry_ruins
Ossuary:  ossuary_zaba_flooded

Skill      XL: |  1  2  3  4  5  6  7 |
---------------+----------------------+-----
Stealth        | 3 4 5 6 |  6.6
Dodging        | 4 5 |  5.2
Unarmed Combat | 4 5 |  5.1
Fighting       | 4 |  4.3

Action                   |  1- 3 |  4- 6 |  7- 9 || total
-------------------------+-------+-------+-------++-------
Melee: Unarmed           |    66 |   105 |    43 ||   214
       Tentacles         |    11 |    23 |    17 ||    51
       Constrict         |    15 |    23 |     7 ||    45
       Punch             |     1 |     2 |     3 ||     6
Throw: Stone             |    17 |    45 |       ||    62
       Javelin           |       |    13 |     4 ||    17
  Use: Scroll            |       |     5 |       ||     5
 Stab: Sleeping          |     9 |     4 |       ||    13
Armor: Skin              |     6 |     3 |     4 ||    13
Dodge: Dodged            |    39 |    47 |    35 ||   121
Block: Other             |       |    13 |    10 ||    23
       Reflection        |       |     1 |       ||     1
